 Seeded DCSS version 0.27.1-35-g4d5d836560 (webtiles) character file.

Game seed: 20220324 (custom seed)

43 xaos the Shield-Bearer (level 3, -1/29 HPs)
             Began as a Human Fighter on Mar 24, 2022.
             Slain by a goblin (2 damage)
             ... on level 2 of the Dungeon.
             The game lasted 00:07:42 (1616 turns).

xaos the Shield-Bearer (Human Fighter)              Turns: 1616, Time: 00:07:42

Health: -1/29      AC:  8    Str: 17    XL:     3   Next: 82%
Magic:  3/3        EV:  7    Int:  8    God:
Gold:   56         SH:  9    Dex: 12    Spells: 2/2 levels left

rFire    . . .     SeeInvis .   a - +0 long sword
rCold    . . .     Faith    .   c - +0 kite shield
rNeg     . . .     Spirit   .   b - +0 scale mail
rPois    .         Reflect  .   (no helmet)
rElec    .         Harm     .   (no cloak)
rCorr    .         Rampage  .   (no gloves)
Will     .....                  m - +0 pair of boots
Stlth    ..........             (no amulet)
HPRegen  0.09/turn              (no ring)
MPRegen  0.08/turn              (no ring)

@: no status effects
A: no striking features
a: no special abilities


You were on level 2 of the Dungeon.
You visited 1 branch of the dungeon, and saw 2 of its levels.

You collected 56 gold pieces.

Inventory:

Hand Weapons
 a - a +0 long sword (weapon)
 f - a +0 short sword
 h - a +0 short sword
 j - a +0 hunting sling
Missiles
 g - 2 boomerangs (quivered)
 i - 27 stones
Armour
 b - a +0 scale mail (worn)
 c - a +0 kite shield (worn)
 m - a +0 pair of boots (worn)
Scrolls
 e - a scroll of brand weapon {unknown}
 k - a scroll of holy word {unknown}
 l - a scroll of summoning {unknown}
Potions
 d - a potion of might
 n - a potion of cancellation {unknown}


   Skills:
 + Level 3.2 Fighting
 + Level 2.5 Long Blades
 + Level 3.3 Armour
 + Level 0.3 Dodging
 + Level 3.4 Shields


You had 2 spell levels left.
You didn't know any spells.
Your spell library was empty.

Dungeon Overview and Level Annotations

Branches:
Dungeon (2/15)

Altars:

Shops:
D:1 [   D:2 :

Annotations:
D:2 Sigmund


Message History

a +0 club; a goblin corpse
Items here: )) ††.
Okay, then.
You see here a ball python corpse.
There are no objects that can be picked up here. a ball python corpse You see here a ball python corpse.
There are no objects that can be picked up here. a ball python corpse Sigmund the Dreaded comes into view.
He is wielding a +7 scythe of flaming.
Sigmund shouts!
A goblin comes into view. It is wielding a +0 club.
Found 5 gold pieces.
The goblin shouts!
Sigmund points at you and mumbles some strange words.
You are confused.
You're too confused to move!
Sigmund casts a spell at you.
You are more confused.
Sigmund hits you but does no damage.
You closely miss the goblin. The goblin hits you but does no damage.
Sigmund hits you from afar with a +7 scythe of flaming!
Sigmund burns you.
You bump into the rock wall.
The goblin hits you with a +0 club.
* * * LOW HITPOINT WARNING * * *
Unknown command.
You feel less confused. Sigmund casts a spell at you.
You are confused.
Sigmund is suddenly surrounded by pale red light.
You bump into the rock wall.
The goblin hits you with a +0 club.
* * * LOW HITPOINT WARNING * * *
Sigmund gestures wildly while chanting.
Sigmund flickers and vanishes!
Deactivating autopickup; reactivate with Ctrl-A.
The goblin hits you with a +0 club.
* * * LOW HITPOINT WARNING * * *
You feel less confused. The goblin hits you with a +0 club.
You die...

#######.###...######.##.........†
........#####..####..##..........
###..............................
############.......###........#
##..###.............
########..###.............
#.....##......#...........
#.....†...................
#.....)).@................
#..>.†#..g...............#
.##................#.......#
#.........#..........######..
##.......#..#..##.....# ..
..............######..#### .
..........#..## ##.......
........#.....####........
##....#...................


You could see a goblin.

Vanquished Creatures
  A gnoll (D:1)
  A dart slug (D:1)
  6 ball pythons
  A bat (D:2)
  2 endoplasms
  A giant cockroach (D:2)
  4 goblins
  4 hobgoblins
  2 frilled lizards (D:1)
  4 kobolds
  2 rats (D:1)
28 creatures vanquished.

Notes
Turn   | Place    | Note
-------+----------+-------------------------------------------
     0 | D:1      | xaos the Human Fighter began the quest for the Orb.
     0 | D:1      | Reached XP level 1. HP: 18/18 MP: 1/1
     8 | D:1      | Found Gerhu's Antique Armour Emporium.
   317 | D:1      | Reached XP level 2. HP: 8/24 MP: 2/2
   818 | D:1      | Reached XP level 3. HP: 15/29 MP: 3/3
  1364 | D:2      | Found Biaced's Book Boutique.
  1593 | D:2      | Noticed Sigmund
  1615 | D:2      | HP: 1/29 [goblin (3)]
  1616 | D:2      | Slain by a goblin

Illustrated notes

Levels and vault maps discovered:
D:1:      enne_arrival_octagon_isle, layout_basic, serial_shops, shop
D:2:      layout_rooms, serial_shops, nicolae_shop_waterfront, nrook_campfire,
          kennysheep_generic_room_5, uniq_sigmund

Action                   || total
-------------------------++-------
Melee: Long sword        ||    65
Throw: Boomerang         ||     9
Armor: Scale mail        ||    39
Dodge: Dodged            ||    17
Block: Kite shield       ||    57
       Rpst.: Long sword ||     6
